 Dungeon Crawl Stone Soup version 0.26-a0-52-gd53d4cd058 (webtiles) character file.

Game seed: 2528682548792400572

2419 mortelune the Spear-Bearer (level 9, -3/73 HPs)
             Began as a Merfolk Skald on June 5, 2020.
             Was an Initiate of Makhleb.
             Slain by an orc warrior
             ... wielding a +0 dire flail of holy wrath
              (20 damage)
             ... on level 7 of the Dungeon on June 6, 2020.
             The game lasted 00:18:51 (10958 turns).

mortelune the Spear-Bearer (Merfolk Skald)         Turns: 10958, Time: 00:18:51

Health: -3/73      AC:  6    Str: 14    XL:     9   Next: 48%
Magic:  4/12       EV: 16    Int: 18    God:    Makhleb [......]
Gold:   162        SH:  0    Dex: 14    Spells: 4/12 levels left

rFire    + . .     SeeInvis .   p - +0 trident
rCold    x . .     Gourm    .   (no shield)
rNeg     . . .     Faith    .   t - +0 ring mail
rPois    .         Spirit   .   (no helmet)
rElec    .         Reflect  .   m - +0 cloak
rCorr    .         Harm     .   (no gloves)
MR       .....                  (no boots)
Stlth    +.........             (no amulet)
HPRegen  0.22/turn              q - ring "Tacloll" {+Inv Int+6}
MPRegen  0.13/turn              u - ring of fire

@: infused (expiring), singing
A: change form in water, swift swim, stealthy swim
a: Renounce Religion, Evoke Invisibility


You were on level 7 of the Dungeon.
You worshipped Makhleb.
Makhleb was noncommittal.
You were not hungry.

You visited 2 branches of the dungeon, and saw 8 of its levels.

You collected 242 gold pieces.
You spent 80 gold pieces at shops.

Inventory:

Hand Weapons
 p - a +0 trident (weapon)
Armour
 b - a +0 leather armour
 m - a +0 cloak (worn)
 t - a +0 ring mail (worn)
 v - the +3 ring mail of Pegin {-Cast +Inv rN+}
   (You found it on level 6 of the Dungeon)

   It protects you from negative energy.
   It lets you turn invisible.
   It prevents spellcasting.
Jewellery
 q - the ring "Tacloll" (left hand) {+Inv Int+6}
   (You found it on level 4 of the Dungeon)

   [ring of intelligence]

   It affects your intelligence (+6).
   It lets you turn invisible.
 u - a ring of fire (right hand)
Scrolls
 e - 3 scrolls of immolation {unknown}
 f - 8 scrolls of remove curse {unknown}
 g - 7 scrolls of identify {unknown}
 i - 3 scrolls of teleportation {unknown}
 j - 2 scrolls of blinking {unknown}
 k - a scroll of enchant armour {unknown}
 n - 2 scrolls of enchant weapon {unknown}
 r - 2 scrolls of magic mapping {unknown}
 s - 3 scrolls of fog {unknown}
 x - a scroll of fear {unknown}
Potions
 a - a potion of degeneration {unknown}
 c - 2 potions of lignification {unknown}
 h - 6 potions of heal wounds
 l - a potion of resistance {unknown}
 o - 3 potions of curing
 z - a potion of might {unknown}
 A - a potion of cancellation {unknown}
 B - a potion of haste
Comestibles
 d - 6 rations


   Skills:
 + Level 7.7 Fighting
 + Level 10.1 Polearms
 - Level 0.6 Armour
 + Level 9.3 Dodging
 - Level 2.0 Spellcasting
 * Level 5.4 Charms


You had 4 spell levels left.
You knew the following spells:

 Your Spells              Type           Power        Failure   Level  Hunger
a - Infusion              Chrm           ###.         4%          1    #......
b - Song of Slaying       Chrm           ###.....     6%          2    ###....
c - Shroud of Golubria    Chrm/Tloc      ##....       19%         2    ###....
d - Spectral Weapon       Hex/Chrm       ##......     36%         3    ###....

Your spell library contained the following spells:

 Spells                   Type           Power        Failure   Level  Hunger
 Animate Skeleton         Necr           N/A          36%         1    #......
 Apportation              Tloc           #.....       36%         1    #......
 Corona                   Hex            #......      36%         1    #......
 Summon Small Mammal      Summ           #...         36%         1    #......
 Ozocubu's Armour         Chrm/Ice       ##......     36%         3    ###....


Dungeon Overview and Level Annotations

Branches:
Dungeon (7/15)             Temple (1/1) D:4

Altars:
Ashenzari
Cheibriados
Dithmenos
Elyvilon
Fedhas
Gozag
Hepliaklqana
Kikubaaqudgha
Makhleb
Nemelex Xobeh
Okawaru
Qazlal
Ru
Sif Muna
Trog
Uskayaw
Vehumet
Wu Jian
Xom
Yredelemnul
Zin
The Shining One
Jiyva

Shops:
D:4 [!*(

Annotations:
D:5 2 transporters


Message History

The orc warrior is lightly wounded.
The orc warrior completely misses you.
You hit the orc warrior.
The orc warrior is moderately wounded.
The orc warrior hits you from afar with a +0 glaive!!
The orc warrior barely misses you.
You hit the orc warrior!
The orc warrior is heavily wounded.
The orc warrior misses you.
You hit the orc warrior but do no damage.
The orc warrior is heavily wounded.
You hear a shout!
The orc warrior hits you with a +0 dire flail of holy wrath!
Your shroud falls apart!
You hit the orc warrior.
The orc warrior is severely wounded.
The orc warrior hits you from afar with a +0 glaive!
* * * LOW HITPOINT WARNING * * *
The orc warrior hits you with a +0 dire flail of holy wrath!!
You die...

#.........##.##..##.#
#.#######....##.###.###
#.#####.###...#
#.###.....###.# #
#.##.8...8.##.# #
#..#.......##.# #
#......_......###
.#######.##.......#..##.
...oooo@.##.8...8.##....
#.######.###.....##.....
#.#.###.####...#<
#...........>....
###.########.^...
..............
########.#... #.#..)
#.#..#


You could see 2 orc warriors and 2 orcs.

Vanquished Creatures
  Joseph (D:7)
  A sky beast (D:7)
  A black bear (D:6)
  4 ogres
  3 phantoms
  3 centaurs
  Blork the orc (D:4)
  2 scorpions
  A howler monkey (D:5)
  3 crimson imps
  3 jellies
  An orc priest (D:3)
  2 hounds
  2 orc wizards (D:5)
  Jessica (D:3)
  An iguana (D:6)
  7 worker ants
  A hound skeleton (D:4)
  A howler monkey zombie (D:7)
  A worker ant zombie (D:5)
  7 gnolls
  14 adders
  2 shadow imps
  8 dart slugs
  A leopard gecko (D:4)
  13 orcs
  3 ball pythons
  5 giant cockroaches
  8 goblins
  5 hobgoblins
  8 jackals
  7 kobolds
  6 quokkas
  A bat (D:3)
  3 frilled lizards
  A leopard gecko skeleton (D:5)
  7 rats
139 creatures vanquished.

Vanquished Creatures (others)
  A human (D:7)
1 creature vanquished.

Grand Total: 140 creatures vanquished

Notes
Turn   | Place    | Note
-------+----------+-------------------------------------------
     0 | D:1      | mortelune the Merfolk Skald began the quest for the Orb.
     0 | D:1      | Reached XP level 1. HP: 16/16 MP: 3/3
   410 | D:1      | Reached XP level 2. HP: 20/23 MP: 5/5
  1155 | D:1      | Reached XP level 3. HP: 28/28 MP: 6/6
  1339 | D:1      | You fall into a shaft and drop 1 floor!
  1354 | D:2      | Reached skill level 4 in Polearms
  1365 | D:1      | Learned a level 2 spell: Song of Slaying
  1368 | D:1      | Learned a level 2 spell: Shroud of Golubria
  2187 | D:2      | Found a glowing golden altar of the Shining One.
  2325 | D:3      | Reached XP level 4. HP: 28/35 MP: 7/7
  3403 | D:3      | Noticed Jessica
  3407 | D:3      | Reached XP level 5. HP: 41/41 MP: 8/8
  3418 | D:3      | Killed Jessica
  3418 | D:3      | Reached skill level 5 in Polearms
  3494 | D:3      | Found a sacrificial altar of Ru.
  3694 | D:3      | Noticed a centaur
  3699 | D:3      | Killed a centaur
  3699 | D:3      | Reached skill level 5 in Dodging
  3699 | D:3      | Reached XP level 6. HP: 19/48 MP: 9/9
  3907 | D:3      | Found a sparkling altar of Nemelex Xobeh.
  4295 | D:3      | Found an iron altar of Okawaru.
  4893 | D:4      | Found Okud's Antique Armour Shop.
  4908 | D:3      | Reached skill level 6 in Polearms
  4980 | D:4      | Reached XP level 7. HP: 14/55 MP: 7/10
  5485 | D:4      | Found a staircase to the Ecumenical Temple.
  5504 | D:4      | Reached skill level 5 in Fighting
  5513 | Temple   | Entered the Ecumenical Temple
  5705 | D:4      | Found Cofes's Assorted Antiques.
  6037 | D:4      | Learned a level 3 spell: Spectral Weapon
  6126 | D:4      | Found Vachumn's Antique Weapon Emporium.
  6137 | D:4      | Noticed Blork the orc
  6149 | D:4      | Killed Blork the orc
  6149 | D:4      | Reached skill level 7 in Polearms
  6279 | D:4      | Got a bound glass ring
  6280 | D:4      | Identified the ring "Tacloll" {+Inv Int+6} (You found it on
                  | level 4 of the Dungeon)
  6318 | D:4      | Found a shattered altar of Ashenzari.
  6370 | D:4      | Found Hututo's Distillery.
  6376 | D:4      | Bought a potion of heal wounds for 50 gold pieces
  6376 | D:4      | Bought a potion of curing for 30 gold pieces
  6393 | D:4      | Found a stormy altar of Qazlal.
  6423 | D:4      | Found a hide-covered altar of Uskayaw.
  6630 | D:5      | Entered Level 5 of the Dungeon
  7281 | D:5      | Reached XP level 8. HP: 55/64 MP: 3/11
  7366 | D:5      | Found a shimmering blue altar of Sif Muna.
  7795 | D:5      | Reached skill level 8 in Polearms
  8190 | D:5      | Found a transporter.
  8191 | D:5      | Found a transporter.
  9070 | D:6      | Reached skill level 9 in Polearms
  9173 | D:6      | Got a distressingly furry ring mail
  9188 | D:6      | Found a burning altar of Makhleb.
  9203 | D:6      | Identified the +3 ring mail of Pegin {-Cast +Inv rN+} (You
                  | found it on level 6 of the Dungeon)
  9223 | D:6      | Became a worshipper of Makhleb the Destroyer
  9894 | D:7      | Found an ancient bone altar of Kikubaaqudgha.
  9998 | D:7      | Reached XP level 9. HP: 58/72 MP: 7/12
 10326 | D:7      | Found a blossoming altar of Fedhas.
 10486 | D:7      | Noticed Joseph
 10514 | D:7      | Killed Joseph
 10514 | D:7      | Reached skill level 10 in Polearms
 10514 | D:7      | Reached skill level 5 in Charms
 10803 | D:7      | Found an opulent altar of Gozag.
 10958 | D:7      | Slain by an orc warrior

Illustrated notes

Levels and vault maps discovered:
D:1:      lightli_arrival_statue_moat, layout_loops_corners, minivault_26
D:2:      layout_loops_cross, tso_metal_star
D:3:      layout_basic, okawaru_altar_gauntlet_db, lemuel_crystal_altar,
          nemelex_xobeh_ov_fountains_minmay, minivault_27,
          kennysheep_generic_room_10, uniq_jessica
D:4:      minmay_spotlight, layout_loops_ring, grunt_qazlal_clouds,
          kennysheep_little_box, lemuel_doored_altar, minmay_temple_entry_hall,
          serial_shops, kennysheep_mini_moat, nicolae_shop_statue_plus,
          nicolae_shop_waterfront, nicolae_shop_temple_entry_statues_fountains,
          first_ration, uniq_blork_the_orc
D:5:      gammafunk_wand_slinger, layout_cave_pools, led_sif_pool
D:6:      layout_cave_pools, nicolae_overflow_crystal_walls
D:7:      layout_loops_ring, lemuel_coloured_pillars_altar, grunt_gozag_statues,
          tgw_kikubaaqudgha, uniq_joseph
Temple:   pf_slime_end_temple

Skill      XL: |  1  2  3  4  5  6  7  8  9 |
---------------+----------------------------+-----
Dodging        | 3 4 5 6 7 8 9 |  9.3
Polearms       | 4 5 6 7 9 10 | 10.1
Fighting       | 3 4 5 7 |  7.7
Charms         | 4 5 |  5.4
Armour         | |  0.6
Spellcasting   | |  2.0

Action                   |  1- 3 |  4- 6 |  7- 9 || total
-------------------------+-------+-------+-------++-------
Melee: Spear             |   104 |    19 |       ||   123
       Trident           |       |   146 |   467 ||   613
 Cast: Infusion          |     2 |     6 |    13 ||    21
       Song of Slaying   |       |     1 |     2 ||     3
       Shroud of Golubri |       |     2 |    11 ||    13
 Stab: Sleeping          |     1 |     2 |       ||     3
  Eat: Chunk             |     1 |     9 |    10 ||    20
       Ration            |     1 |       |     3 ||     4
Armor: Leather armour    |    11 |    28 |    25 ||    64
       Ring mail         |       |       |    29 ||    29
Dodge: Dodged            |    32 |   132 |   294 ||   458

Table legend:
 A = Non-vault XP
 B = Vault XP
 C = Vault XP percentage of total XP
 D = Non-vault monster count
 E = Vault monster count
 F = Vault count percentage of total count
                 A         B        C        D         E       F
            +---------+---------+-------+---------+---------+-------
      Total |    2856 |     601 |  17.4 |     127 |      12 |   8.6
            +---------+---------+-------+---------+---------+-------
        D:1 |      38 |       0 |   0.0 |      17 |       0 |   0.0
        D:2 |      54 |       0 |   0.0 |      10 |       0 |   0.0
        D:3 |     392 |      58 |  12.9 |      32 |       9 |  22.0
        D:4 |     326 |     109 |  25.1 |      12 |       2 |  14.3
        D:5 |     701 |       0 |   0.0 |      20 |       0 |   0.0
        D:6 |     478 |       0 |   0.0 |      20 |       0 |   0.0
        D:7 |     867 |     434 |  33.4 |      16 |       1 |   5.9
            +---------+---------+-------+---------+---------+-------
